 Dungeon Crawl Stone Soup version 0.26.0-10-g1f06aea511 (webtiles) character file.

Game seed: 6178832496812177327

3 sanka the Sneak (level 1, 0/19 HPs)
             Began as a Draconian Delver on Jan 21, 2021.
             Succumbed to a worker ant's poison
             ... on level 4 of the Dungeon.
             The game lasted 00:00:56 (385 turns).

sanka the Sneak (Draconian Delver)                   Turns: 385, Time: 00:00:57

Health: 0/19       AC:  4    Str: 14    XL:     1   Next: 41%
Magic:  1/1        EV: 12    Int: 10    God:
Gold:   23         SH:  0    Dex: 12    Spells: 0/0 levels left

rFire    . . .     SeeInvis .     - Unarmed
rCold    . . .     Faith    .   (no shield)
rNeg     . . .     Spirit   .   (armour unavailable)
rPois    .         Reflect  .   (helmet restricted)
rElec    .         Harm     .   (no cloak)
rCorr    .         Rampage  .   (no gloves)
Will     .....                  (no boots)
Stlth    +++.......             (no amulet)
HPRegen  0.06/turn              (no ring)
MPRegen  0.07/turn              (no ring)

@: lethally poisoned (0 -> -19)
A: unfitting armour, cold-blooded, AC +4
a: no special abilities


You were on level 4 of the Dungeon.
You visited 1 branch of the dungeon, and saw 3 of its levels.

You collected 23 gold pieces.


Innate Abilities, Weirdness & Mutations

Your plain brown scales are hard. (AC +4)
You cannot fit into any form of body armour.
You are cold-blooded and may be slowed by cold attacks.


   Skills:
 - Level 3.2 Fighting
 - Level 1.7 Dodging
 + Level 4.6 Stealth
 + Level 2.1 Unarmed Combat


You couldn't memorise any spells.
You didn't know any spells.
Your spell library was empty.

Inventory:

Wands
 e - a wand of digging (3)
Scrolls
 a - a scroll of fog
 b - a scroll of magic mapping
 c - a scroll of fear
Potions
 d - a potion of haste {@q3}
 f - a potion of curing {unknown}

Dungeon Overview and Level Annotations

Branches:
Dungeon (6/15)
 Temple: D:4-7

Altars:

Annotations:
D:4 Blork the orc

▒▒........▒▒▒▒▒▒
▒▒.........▒▒...▒▒
▒▒▒▒▒..........▒▒....▒▒
▒▒...........▒..▒......▒
..▒▒▒▒.......▒▒.▒......▒
▒▒▒ ▒......▒▒▒........▒
▒.....▒▒ ▒.......▒▒
▒.)..▒▒ ▒.......▒ ▒▒▒▒▒▒
▒.d.[...▒ ▒B▒.....▒
▒.▒▒▒..▒▒ ▒▒. ▒▒▒▒ .▒ .▒
.▒ .▒ .▒


You could see a worker ant.


Message History

The worker ant barely misses you. The worker ant bites you.
* * * LOW HITPOINT WARNING * * *
Okay, then.
You hit the worker ant but do no damage.
Your tail-slap misses the worker ant.
The worker ant is moderately wounded.
* * * LOW HITPOINT WARNING * * *
You feel sick. The worker ant closely misses you.
You closely miss the worker ant.
The worker ant is moderately wounded.
* * * LOW HITPOINT WARNING * * *
You feel sick. The worker ant barely misses you.
Unknown command.
You completely miss the worker ant.
The worker ant is moderately wounded.
* * * LOW HITPOINT WARNING * * *
You feel sick. The worker ant closely misses you.
You hit the worker ant.
The worker ant is heavily wounded.
The worker ant bites you.
* * * LOW HITPOINT WARNING * * *
You are more poisoned.
The worker ant poisons you!
You hit the worker ant but do no damage.
The worker ant is heavily wounded.
You die...

Action                   || total
-------------------------++-------
Melee: Unarmed           ||    23
       Tailslap          ||     3
 Stab: Sleeping          ||     2
Armor: Skin              ||     5
Dodge: Dodged            ||    12

Levels and vault maps discovered:
D:4:      layout_cave_pods, okawaru_metal_pillars_1_2, uniq_blork_the_orc,
          uniq_natasha
D:5:      layout_basic, cheibrodos_gnoll_hut
D:6:      layout_basic, minmay_temple_entry_statues_fountains, serial_shops,
          nicolae_shop_temple_entry_statues_fountains

Notes
Turn   | Place    | Note
-------+----------+-------------------------------------------
     0 | D:5      | sanka the Draconian Delver began the quest for the Orb.
     0 | D:5      | Reached XP level 1. HP: 19/19 MP: 1/1
    17 | D:5      | Noticed a sky beast
    27 | D:6      | Noticed an iguana
   311 | D:4      | Noticed Blork the orc
   372 | D:4      | Noticed a worker ant
   384 | D:4      | HP: 1/19 [worker ant (1)]
   385 | D:4      | Succumbed to a worker ant's poison

Vanquished Creatures
  A giant cockroach (D:4)
  2 frilled lizards (D:5)
  A jackal skeleton (D:4)
4 creatures vanquished.

Table legend: (Time is in decaauts)
 A = Elapsed time spent in this place.
 B = Non-inter-level travel time spent in this place.
 C = Inter-level travel time spent in this place.
 D = Time resting spent in this place.
 E = Time spent auto-exploring this place.
 F = Levels seen in this place.
 G = Mean time per level.
                   A        B        C        D        E       F      G
               +--------+--------+--------+--------+--------+-----+--------+
         Total |    384 |    384 |      0 |    221 |     81 |   3 |  128.0 |
       Dungeon |    384 |    384 |      0 |    221 |     81 |   3 |  128.0 |
               +--------+--------+--------+--------+--------+-----+--------+

Top non-repeatable levels by time:
     D:4: 338 daAuts
     D:5: 42 daAuts
     D:6: 2 daAuts
